 Dungeon Crawl Stone Soup version 0.20-a0-984-ge8aa303 (webtiles) character file.

11361 Jarlath the Frost Mage (level 11, -9/72 HPs)
             Began as a Deep Elf Ice Elementalist on Apr 10, 2017.
             Was a Priest of Vehumet.
             Killed from afar by a wizard (27 damage)
             ... with a bolt of lightning
             ... on level 10 of the Dungeon.
             The game lasted 00:15:36 (13661 turns).

Jarlath the Frost Mage (Deep Elf Ice Elementalist) Turns: 13661, Time: 00:15:37

Health: -9/72      AC:  8    Str:  5    XL:     11   Next: 48%
Magic:  6/25       EV: 13    Int: 24    God:    Vehumet [***...]
Gold:   254        SH:  9    Dex: 18    Spells: 15/27 levels left

rFire    + . .     SeeInvis .   o - +7 short sword (venom)
rCold    + + +     Gourm    .   k - +3 buckler of Elecomni {Regen+}
rNeg     . . .     Faith    +   F - +2 robe {Archmagi}
rPois    +         Spirit   .   (helmet restricted)
rElec    .         Reflect  .   r - scarf {rC+}
rCorr    .         Harm     .   z - +2 pair of gloves {Dex+3}
MR       +....                  e - +0 pair of boots of the Invisible Hand {+Fly rC++}
Stlth    ++++......             m - amulet of faith
Regen    0.7/turn               s - ring of poison resistance
MPRegen  0.2/turn               q - ring of protection from fire

@: about to teleport
A: horns 1, wild magic 1
a: Renounce Religion, Evoke Flight


You were on level 10 of the Dungeon.
You worshipped Vehumet.
Vehumet was most pleased with you.
You were not hungry.

You visited 2 branches of the dungeon, and saw 11 of its levels.
You also visited: Ossuary.

You collected 668 gold pieces.
You spent 414 gold pieces at shops.

Inventory:

Hand Weapons
 o - a +7 short sword of venom (weapon)
Armour
 e - the +0 pair of boots of the Invisible Hand (worn) {+Fly rC++}
   (You acquired it on level 6 of the Dungeon)

   It greatly protects you from cold.
   It lets you fly.
 k - the +3 buckler of Elecomni (worn) {Regen+}
   (You found it on level 6 of the Dungeon)

   It increases your rate of regeneration.
 r - a scarf of cold resistance (worn)
 z - a +2 pair of gloves of dexterity (worn)
 F - a +2 robe of the Archmagi (worn)
Jewellery
 m - an amulet of faith (around neck)
 q - a ring of protection from fire (right hand)
 s - a ring of poison resistance (left hand)
Wands
 p - a wand of lightning (15/15)
 t - a wand of digging (10/24)
Scrolls
 a - 3 scrolls of fog
 d - 4 scrolls of magic mapping
 f - 4 scrolls of remove curse
Potions
 u - a potion of agility
 v - 4 potions of cancellation
 x - a potion of flight
 B - a potion of magic
 C - a potion of might
 D - 2 potions of ambrosia
 E - 2 potions of brilliance
Books
 b - a book of Frost

   Spells                             Type                      Level
   a - Freeze                         Ice                          1
   b - Throw Frost                    Conjuration/Ice              2
   c - Ozocubu's Armour               Charms/Ice                   3
   d - Throw Icicle                   Conjuration/Ice              4
   e - Summon Ice Beast               Ice/Summoning                4
Comestibles
 c - a bread ration
 g - a royal jelly
 h - 3 meat rations
 n - 5 fruits


   Skills:
 - Level 10.0 Fighting
 - Level 2.4 Dodging
 + Level 8.6 Stealth
 - Level 5.0 Shields
 - Level 8.5 Spellcasting
 - Level 1.1 Conjurations
 - Level 10.4 Ice Magic


You had 15 spell levels left.
You knew the following spells:

 Your Spells              Type           Power        Failure   Level  Hunger
a - Freeze                Ice            ####         1%          1    None
b - Ozocubu's Armour      Chrm/Ice       ######..     4%          3    None
c - Throw Icicle          Conj/Ice       ######..     3%          4    ##.....
d - Summon Ice Beast      Ice/Summ       ######..     14%         4    ##.....


Dungeon Overview and Level Annotations

Branches:
Dungeon (10/15)            Temple (1/1) D:7
   Lair: D:8-11         Orc: D:9-12

Altars:
Ashenzari
Cheibriados
Dithmenos
Elyvilon
Fedhas
Gozag
Hepliaklqana
Kikubaaqudgha
Makhleb
Nemelex Xobeh
Okawaru
Qazlal
Ru
Sif Muna
Trog
Uskayaw
Vehumet
Wu Jian
Xom
Yredelemnul
Zin
The Shining One

Shops:
D:7 *:   D:8 [[

Annotations:
D:2 1 runed door


Innate Abilities, Weirdness & Mutations

You have a pair of small horns on your head.
Your spells are a little harder to cast, but a little more powerful.


Message History

a long sword; a ring mail The wizard points at you and mumbles some strange words.
The stone arrow hits you!
Things that are here:
a scimitar of flaming; a glowing robe The wizard gestures at you while chanting.
The bolt of lightning hits you!
* * * LOW HITPOINT WARNING * * *
Okay, then.
As you read the scroll of fear, it crumbles to dust.
You assume a fearsome visage.
The wizard resists with some effort.
The deep elf knight resists with some effort.
As you read the scroll of teleportation, it crumbles to dust.
You feel strangely unstable.
The deep elf knight gestures wildly while chanting.
The deep elf knight flickers and vanishes!
Deactivating autopickup; reactivate with Ctrl-A.
The wizard casts a spell at you. The bolt of lightning hits you!
You die...

.... .. .......
..###.. ..#(#..
..###.. .......
############.......
#..@.p){.).....#
#.###########..#
#.# .# #.### .#
#.#.. .. #.#.# ##
#.#.# #.#.#####
#.......#


You could see a wizard.

Vanquished Creatures
  Erica (D:10)
  The ghost of qqqbard the Basher, a journeyman GrFi of the Shining One (D:9)
  5 two-headed ogres
  A deep elf knight (D:10)
  An unseen horror (D:9)
  Pikel (D:5)
  A troll (D:9)
  A hippogriff (D:7)
  2 wyverns (D:9)
  A yak (D:9)
  Eustachio (D:5)
  The ghost of dwoobler the Poker, an amateur MfSk (D:4)
  6 orc warriors
  3 slaves
  3 ice beasts
  A sky beast (D:9)
  An eye of draining (D:9)
  A necrophage (D:8)
  4 ogres
  2 phantoms
  5 centaurs
  A crocodile (D:9)
  A bullfrog (D:8)
  2 scorpions
  6 wights (D:7)
  5 crimson imps
  2 hounds
  2 quasits (D:9)
  A bullfrog zombie (D:8)
  A centaur zombie (D:7)
  7 orc priests
  A bullfrog skeleton (D:6)
  Jessica (D:3)
  Ijyb (D:5)
  2 iguanas
  10 orc wizards
  4 worker ants
  A hound skeleton (D:9)
  6 mummies (Ossuary)
  2 worker ant zombies (D:5)
  7 gnolls
  16 adders
  2 river rats (D:3)
  3 oozes
  2 adder zombies
  3 adder skeletons
  6 worms
  4 dart slugs
  6 leopard geckos
  45 orcs
  4 bats
  4 giant cockroaches
  10 goblins
  13 hobgoblins
  6 jackals
  2 quokkas
  4 ball pythons
  5 frilled lizards
  A goblin zombie (D:8)
  A hobgoblin zombie (Ossuary)
  5 kobolds
  3 kobold zombies (Ossuary)
  2 orc zombies (Ossuary)
  A quokka skeleton (D:7)
  A quokka zombie (D:6)
  8 rats
  A rat zombie (D:8)
264 creatures vanquished.

Vanquished Creatures (collateral kills)
  2 yaks (D:9)
  A steam dragon (D:9)
  A hound (D:9)
  2 mummies (Ossuary)
  A gnoll zombie (Ossuary)
  A kobold zombie (Ossuary)
8 creatures vanquished.

Grand Total: 272 creatures vanquished

Notes
Turn   | Place    | Note
-------+----------+-------------------------------------------
     0 | D:1      | Jarlath the Deep Elf Ice Elementalist began the quest for the Orb.
     0 | D:1      | Reached XP level 1. HP: 10/10 MP: 6/6
   211 | D:1      | Reached XP level 2. HP: 15/15 MP: 5/8
  1285 | D:2      | Found an opulent altar of Gozag.
  1292 | D:2      | Reached XP level 3. HP: 17/19 MP: 5/10
  1333 | D:2      | Learned a level 3 spell: Ozocubu's Armour
  2012 | D:2      | Found a runed door.
  2131 | D:2      | Reached XP level 4. HP: 23/24 MP: 4/12
  2139 | D:2      | Learned a level 4 spell: Throw Icicle
  2336 | D:2      | Found a basalt altar of Yredelemnul.
  2341 | D:2      | Found a glowing golden altar of the Shining One.
  2343 | D:2      | Noticed an angel
  2645 | D:3      | Reached skill level 5 in Ice Magic
  2842 | D:3      | Reached XP level 5. HP: 24/28 MP: 8/13
  2981 | D:3      | Noticed Jessica
  2987 | D:3      | Killed Jessica
  3242 | D:3      | Found a burning altar of Makhleb.
  3813 | D:3      | Reached skill level 5 in Spellcasting
  4295 | D:3      | Reached XP level 6. HP: 32/32 MP: 12/15
  4679 | D:4      | Found a stormy altar of Qazlal.
  4699 | D:4      | Noticed dwoobler's ghost (amateur MfSk)
  4704 | D:4      | Killed dwoobler's ghost
  4704 | D:4      | Reached XP level 7. HP: 30/36 MP: 8/18
  5537 | D:4      | Found an ornate altar of the Wu Jian Council.
  5733 | D:5      | Entered Level 5 of the Dungeon
  5743 | D:5      | Noticed Eustachio
  5752 | D:5      | Killed Eustachio
  5867 | D:5      | Noticed Ijyb
  5870 | D:5      | Killed Ijyb
  6087 | D:5      | Learned a level 4 spell: Summon Ice Beast
  6501 | D:5      | Found a blossoming altar of Fedhas.
  6534 | D:5      | Reached XP level 8. HP: 31/41 MP: 12/21
  6535 | D:5      | Noticed Pikel
  6931 | D:5      | Killed Pikel
  6931 | D:5      | Reached skill level 10 in Ice Magic
  7324 | D:6      | Got a polished buckler
  7334 | D:6      | Identified the +3 buckler of Elecomni {Regen+} (You found it on level 6 of the Dungeon)
  7374 | D:6      | Reached skill level 1 in Shields
  7827 | D:6      | Reached XP level 9. HP: 45/45 MP: 23/23
  8276 | D:6      | Identified a scroll of acquirement
  8277 | D:6      | Got a pair of distressingly furry boots
  8283 | D:6      | Identified the +0 pair of boots of the Invisible Hand {+Fly rC++} (You acquired it on level 6 of the Dungeon)
  8426 | D:6      | Gained mutation: You are dopey. (Int -2) [potion of mutation]
  8426 | D:6      | Gained mutation: You are frail. (-10% HP) [potion of mutation]
  8426 | D:6      | Lost mutation: You are dopey. (Int -2) [potion of mutation]
  8427 | D:6      | Lost mutation: You are frail. (-10% HP) [potion of mutation]
  8427 | D:6      | Gained mutation: You have a pair of small horns on your head. [potion of mutation]
  8427 | D:6      | Gained mutation: You are dopey. (Int -2) [potion of mutation]
  8427 | D:6      | Gained mutation: Your spells are a little harder to cast, but a little more powerful. [potion of mutation]
  8427 | D:6      | Lost mutation: You are dopey. (Int -2) [potion of mutation]
  8511 | D:7      | Found a staircase to the Ecumenical Temple.
  8523 | Temple   | Entered the Ecumenical Temple
  8740 | Temple   | Became a worshipper of Vehumet
  8801 | D:7      | Reached skill level 5 in Shields
  8880 | D:7      | Reached skill level 1 in Fighting
  9556 | D:7      | Found Nadichin's Book Emporium.
  9957 | D:7      | Found Ehyigare's Assorted Antiques.
 10028 | D:7      | Found a stormy altar of Qazlal.
 10044 | D:7      | Reached * piety under Vehumet
 10044 | D:7      | Offered knowledge of Shock by Vehumet.
 10198 | D:7      | Found a snail-covered altar of Cheibriados.
 10207 | D:7      | Reached skill level 5 in Fighting
 10398 | D:7      | Found an iron altar of Okawaru.
 10413 | D:7      | Found a deep blue altar of Sif Muna.
 10414 | D:7      | Found a bloodstained altar of Trog.
 11163 | D:8      | Found Delyny Ehen's Armour Boutique.
 11213 | D:8      | Found a sand-covered staircase.
 11238 | Ossuary  | Entered an ossuary
 11283 | Ossuary  | Reached XP level 10. HP: 44/60 MP: 7/24
 11284 | Ossuary  | Reached ** piety under Vehumet
 11335 | Ossuary  | Offered knowledge of Searing Ray by Vehumet.
 11549 | D:8      | Bought a +2 robe of the Archmagi for 414 gold pieces
 11615 | D:8      | Found Ruadwomp's Antique Armour Shoppe.
 11629 | D:8      | Noticed a two-headed ogre
 11653 | D:8      | Killed a two-headed ogre
 12215 | D:9      | Offered knowledge of Ignite Poison by Vehumet.
 12331 | D:9      | Noticed qqqbard's ghost (journeyman GrFi)
 12350 | D:9      | Killed qqqbard's ghost
 12454 | D:9      | Reached *** piety under Vehumet
 12550 | D:9      | Noticed a two-headed ogre
 12553 | D:9      | Killed a two-headed ogre
 12644 | D:9      | Noticed a two-headed ogre
 12647 | D:9      | Killed a two-headed ogre
 12647 | D:9      | Reached XP level 11. HP: 72/72 MP: 20/25
 12711 | D:9      | Found an ancient bone altar of Kikubaaqudgha.
 12809 | D:9      | Noticed a two-headed ogre
 12813 | D:9      | Killed a two-headed ogre
 12813 | D:9      | Reached skill level 10 in Fighting
 13058 | D:9      | Noticed a two-headed ogre
 13062 | D:9      | Killed a two-headed ogre
 13062 | D:9      | Reached skill level 5 in Stealth
 13243 | D:9      | Offered knowledge of Mephitic Cloud by Vehumet.
 13435 | D:9      | Killed an unseen horror
 13475 | D:10     | Entered Level 10 of the Dungeon
 13501 | D:10     | Noticed a deep elf knight
 13508 | D:10     | Noticed Erica
 13509 | D:10     | Killed a deep elf knight
 13528 | D:10     | Killed Erica
 13643 | D:10     | Noticed a wizard
 13646 | D:10     | Noticed an enchanted demon blade
 13648 | D:10     | Noticed a deep elf knight
 13661 | D:10     | Killed from afar by a wizard

Vault maps used:
D:1:      shiori_arrival_maze, serial_forest, infiniplex_forest_lined_3,
          infiniplex_forest_pool, infiniplex_forest_join,
          infiniplex_forest_fountain, infiniplex_forest_clump_curved,
          infiniplex_forest_end_1, infiniplex_forest_end_3, nrook_mini_vaults
D:2:      grunt_temple_overflow_holy_war, nicolae_overflow_crystal_walls,
          uniq_crazy_yiuf_cottage
D:3:      lemuel_crystal_altar, lightli_sewer_entry_pipes, first_bread,
          guppyfry_early_orc_mine, uniq_jessica
D:4:      kennysheep_little_box, grunt_qazlal_sundering, solitary_fountain
D:5:      fedhas_altar_4, uniq_iyjb, uniq_pikel, uniq_eustachio
D:6:      serial_park_tiny_2, moated_statue
D:7:      lemuel_crystal_altar, gammafunk_temple_overflow_forgotten,
          minmay_temple_entry_trees, basic_altar, serial_shops, shop,
          shop_fountains, minmay_bent
D:8:      serial_shops, nicolae_shop_temple_entry_statues_fountains, shop,
          enter_ossuary_4
D:9:      basic_altar, serial_curves, eino_curves_02, eino_curves_01,
          nicolae_straight_to_the_point
D:10:     serial_shops, nicolae_shop_overgrown_old_shop,
          hangedman_little_slice_of_home, sword_in_stone
Temple:   minmay_temple_curvy_loop
Ossuary:  ossuary_tomb_3

Skill      XL: |  1  2  3  4  5  6  7  8  9 10 11 |
---------------+----------------------------------+-----
Ice Magic      | 4 5 6 7 9 10 | 10.4
Spellcasting   | 4 5 6 7 8 |  8.5
Shields        | 3 5 |  5.0
Fighting       | 5 9 10 | 10.0
Stealth        | 8 |  8.6
Dodging        | |  2.4
Conjurations   | |  1.1

Action                   |  1- 3 |  4- 6 |  7- 9 | 10-12 || total
-------------------------+-------+-------+-------+-------++-------
Melee: Unarmed           |    13 |     7 |       |       ||    20
       Short sword       |       |    44 |   316 |   179 ||   539
       Headbutt          |       |       |    24 |    36 ||    60
 Cast: Freeze            |    57 |    77 |    16 |     4 ||   154
       Throw Icicle      |       |     5 |    76 |    50 ||   131
       Ozocubu's Armour  |       |     3 |     3 |       ||     6
       Summon Ice Beast  |       |       |     2 |     3 ||     5
Evoke: Wand              |       |       |       |     1 ||     1
  Use: Scroll            |       |    11 |    10 |    12 ||    33
       Potion            |       |     3 |     5 |     8 ||    16
 Stab: Sleeping          |       |     4 |     4 |       ||     8
       Distracted        |       |       |       |     1 ||     1
  Eat: Chunk             |     3 |     9 |    11 |     5 ||    28
       Bread ration      |       |       |     4 |     1 ||     5
       Royal jelly       |       |       |     1 |       ||     1
Armor: Robe              |    11 |    20 |    19 |    52 ||   102
       Leather armour    |       |       |    56 |     5 ||    61
       Skin              |       |       |     9 |       ||     9
Dodge: Dodged            |    33 |    77 |   157 |   114 ||   381
Block: Buckler           |       |       |   104 |    88 ||   192
